 Dungeon Crawl Stone Soup version 0.21.1-1-g345015f (webtiles) character file.

87 inc the Scratcher (level 4, 21/21 HPs)
             Began as a Felid Monk on Mar 7, 2018.
             Quit the game on level 3 of the Dungeon.
             The game lasted 00:03:34 (2488 turns).

inc the Scratcher (Felid Monk)                      Turns: 2488, Time: 00:03:35

Health: 21/21      AC:  1    Str:  7    XL:     4   Next: 28%
Magic:  5/5        EV: 20    Int: 12    God:
Gold:   120        SH:  0    Dex: 19    Spells: 3/3 levels left
                                        Lives:  0   Deaths: 1

rFire    . . .     SeeInvis +     - Unarmed
rCold    . . .     Gourm    .   (shield unavailable)
rNeg     . . .     Faith    .   (armour unavailable)
rPois    .         Spirit   .   (helmet unavailable)
rElec    .         Reflect  .   (cloak unavailable)
rCorr    .         Harm     .   (gloves unavailable)
MR       .....                  (boots unavailable)
Stlth    +++.......             (no amulet)
HPRegen  0.07/turn              (no ring)
MPRegen  0.09/turn              (no ring)

@: quick
A: very small, no armour, no weapons or thrown items, stealth, claws 1, fangs 3,
see invisible, carnivore, speed 1, shaggy fur 1, slow metabolism 1, sharp paws
a: no special abilities


You were on level 3 of the Dungeon.
You were not hungry.

You visited 1 branch of the dungeon, and saw 3 of its levels.

You collected 120 gold pieces.

Inventory:

Scrolls
 b - 3 scrolls of teleportation {unknown}
 c - 4 scrolls of identify {unknown}
 d - a scroll of remove curse {unknown}
 e - a scroll of immolation {unknown}
 g - a scroll of blinking {unknown}
Potions
 f - a potion of brilliance
Comestibles
 a - 4 rations


   Skills:
 - Level 3.0 Fighting
 - Level 4.0 Dodging
 - Level 2.6 Stealth
 + Level 6.1 Unarmed Combat


You had 3 spell levels left.
You didn't know any spells.

Dungeon Overview and Level Annotations

Branches:
Dungeon (3/15)

Altars:
Xom

Annotations:
D:2 1 runed door


Innate Abilities, Weirdness & Mutations

You cannot wear armour.
You are incapable of wielding weapons or throwing items.
Your paws allow you to move quietly. (Stealth)
You have sharp claws.
You have razor-sharp teeth.
You have supernaturally acute eyesight. (SInv)
You are carnivorous and can eat meat at any time.
You cover ground quickly.
You are covered in fur. (AC +1)
You have a slow metabolism.
Your sharp claws are effective at attacking unaware monsters.


Message History

You feel sick.
The orc priest hits you with a short sword.
* * * LOW HITPOINT WARNING * * *
The orc wizard misses you.
Unknown command.
You completely miss the orc priest. Your bite misses the orc priest.
The orc priest is heavily wounded.
* * * LOW HITPOINT WARNING * * *
You feel sick.
The orc priest calls down the wrath of Beogh upon you.
Beogh smites you!
Ouch! That really hurt!
You die...
The orc wizard hits you with a dagger.
You are now level 4!
You rejoin the land of the living...
Found 15 poisoned needles and a ration.
A kobold comes into view.
Unknown command.
Are you sure you want to abandon this character and quit the game? (Confirm with "yes".)

...##..#.#.# #
#......÷<...#
# ...##..#÷###
# ...##..#...
. ....)....###
#..##.####
#..##.
#..####..##.##
.......@.....#
#K.####(.##..#
..%.. ....###
.....# .######
.. ##


You could see a kobold (sleeping).

Vanquished Creatures
  An orc wizard (D:3)
  2 adders
  6 oozes
  8 worms
  A dart slug (D:3)
  2 leopard geckos (D:3)
  5 orcs (D:3)
  9 giant cockroaches
  3 goblins
  5 hobgoblins
  5 jackals
  7 kobolds
  5 bats
  4 frilled lizards
  11 rats
74 creatures vanquished.

Notes
Turn   | Place    | Note
-------+----------+-------------------------------------------
     0 | D:1      | inc the Felid Monk began the quest for the Orb.
     0 | D:1      | Reached XP level 1. HP: 10/10 MP: 2/2
     2 | D:1      | Found a runed door.
   113 | D:1      | Reached XP level 2. HP: 14/14 MP: 3/3
   446 | D:1      | Reached skill level 4 in Unarmed Combat
   457 | D:1      | Reached XP level 3. HP: 15/17 MP: 4/4
  1107 | D:2      | Found a runed door.
  1160 | D:2      | Reached XP level 4. HP: 21/21 MP: 5/5
  1239 | D:2      | Reached skill level 5 in Unarmed Combat
  1636 | D:2      | Noticed a black bear
  2406 | D:3      | Found a shimmering altar of Xom.
  2428 | D:3      | Reached XP level 5. HP: 24/24 MP: 6/6
  2474 | D:3      | Reached skill level 6 in Unarmed Combat
  2487 | D:3      | HP: 1/24 [poisoned by an orc]
  2487 | D:3      | Killed from afar by an orc priest
  2488 | D:3      | Reached XP level 4. HP: -12/21 MP: 5/5
  2488 | D:3      | Quit the game

Skill      XL: |  1  2  3  4  5 |
---------------+----------------+-----
Unarmed Combat | 4 5 6 |  6.1
Fighting       | |  3.0
Dodging        | |  4.0
Stealth        | |  2.6

Action                   |  1- 3 |  4- 6 || total
-------------------------+-------+-------++-------
Melee: Unarmed           |    92 |   106 ||   198
       Bite              |    11 |     8 ||    19
  Use: Potion            |       |     4 ||     4
 Stab: Sleeping          |     8 |     9 ||    17
       Distracted        |       |     1 ||     1
  Eat: Chunk             |     3 |     2 ||     5
Armor: Skin              |     4 |     2 ||     6
Dodge: Dodged            |    67 |    76 ||   143
